 Dungeon Crawl Stone Soup version 0.20.0-15-g7f486f2 (webtiles) character file.

1722 Pikken the Grappler (level 8, -4/78 HPs)
             Began as a Troll Monk on June 18, 2017.
             Was an Elder of Zin.
             Slain by a killer bee (5 damage)
             ... on level 7 of the Dungeon.
             The game lasted 00:17:25 (4955 turns).

Pikken the Grappler (Troll Monk)                    Turns: 4955, Time: 00:17:26

Health: -4/78      AC:  6    Str: 20    XL:     8   Next: 75%
Magic:  9/9        EV: 11    Int:  6    God:    Zin [****..]
Gold:   180        SH:  0    Dex: 14    Spells: 7/10 levels left

rFire    . . .     SeeInvis .     - Unarmed
rCold    . . .     Gourm    +   (no shield)
rNeg     . . .     Faith    .   a - +1 robe
rPois    +         Spirit   .   (helmet restricted)
rElec    .         Reflect  .   (no cloak)
rCorr    .         Harm     .   (gloves unavailable)
MR       +....                  (boots unavailable)
Stlth    +.........             (no amulet)
Regen    0.7/turn               n - ring of poison resistance
MPRegen  0.2/turn               i - ring of protection from magic

@: heavily drained
A: unfitting armour, beak, claws 3, fast metabolism 3, gourmand, regeneration 1,
shaggy fur 1, tough skin 2
a: Recite, Vitalisation, Imprison, Donate Gold, Renounce Religion


You were on level 7 of the Dungeon.
You worshipped Zin.
Zin was greatly pleased with you.
You were completely stuffed.

You visited 1 branch of the dungeon, and saw 7 of its levels.
You also visited: Sewer.

You collected 278 gold pieces.
You donated 98 gold pieces to Zin.

Inventory:

Armour
 a - a +1 robe (worn)
Jewellery
 c - an uncursed ring of wizardry
 i - a ring of protection from magic (right claw)
 n - a ring of poison resistance (left claw)
Wands
 e - a wand of lightning (6/15)
 l - a wand of confusion (33/48)
 q - a wand of disintegration (10/24)
 x - a wand of flame (8/48)
Scrolls
 k - 4 scrolls of teleportation
 o - 3 scrolls of identify
 r - a scroll of fear {unknown}
 s - a scroll of enchant weapon {unknown}
 u - a scroll of fog {unknown}
 w - a scroll of remove curse
 y - a scroll of recharging {unknown}
 A - a scroll of blinking {unknown}
Potions
 d - a potion of magic
 j - 2 potions of curing {unknown}
 m - 3 potions of haste
 p - 4 potions of might {unknown}
 t - a potion of brilliance {unknown}
Books
 v - a book of Callings

   Spells                             Type                      Level
   a - Summon Small Mammal            Summoning                    1
   b - Call Imp                       Summoning                    2
   c - Call Canine Familiar           Summoning                    3
   d - Summon Guardian Golem          Hexes/Summoning              3
   e - Summon Lightning Spire         Summoning/Air                4
   f - Summon Ice Beast               Ice/Summoning                4
Comestibles
 b - 2 bread rations
 f - 4 royal jellies
 g - 2 meat rations
 h - 7 fruits
 z - 6 chunks of flesh


   Skills:
 * Level 4.3(2.7) Fighting
 + Level 4.5(2.9) Dodging
 - Level 1.5(0.0) Stealth
 + Level 8.2(6.5) Unarmed Combat
 * Level 1.9(0.4) Spellcasting
 * Level 2.7(1.2) Invocations


You had 7 spell levels left.
You knew the following spells:

 Your Spells              Type           Power        Failure   Level  Hunger
a - Summon Guardian Gole  Hex/Summ       #.......     82%         3    ####...


Dungeon Overview and Level Annotations

Branches:
Dungeon (7/15)             Temple (0/1) D:6

Altars:
Fedhas
Qazlal
Vehumet
Zin

Annotations:
D:7 loom's ghost, novice HOFi


Innate Abilities, Weirdness & Mutations

You are too large for most types of armour.
You have claws for hands.
Your metabolism is lightning-fast.
You like to eat raw meat.
Your natural rate of healing is unusually fast.
You are covered in fur. (AC +1)
You have very tough skin. (AC +2)
You have a beak for a mouth.


Message History

You feel drained.
* * * LOW HITPOINT WARNING * * *
The killer bee stings you but does no damage.
You claw loom's ghost!
You peck loom's ghost, but do no damage.
Loom's ghost is moderately damaged.
The killer bee stings you.
* * * LOW HITPOINT WARNING * * *
Loom's ghost barely misses you. The killer bee closely misses you.
You scratch loom's ghost but do no damage.
Loom's ghost is moderately damaged.
The killer bee closely misses you. The killer bee stings you.
* * * LOW HITPOINT WARNING * * *
Loom's ghost hits you!
* * * LOW HITPOINT WARNING * * *
You feel drained.
You scratch loom's ghost but do no damage.
Loom's ghost is moderately damaged.
The killer bee stings you.
You die...

# #. . #.#. . .##.#. .
.....# ##. #....## #####
##..
###.....#####...#####..#
......Wyy...............
#@y# ##..###.###.#
#..###...###.# #..
#............# ###
#.##.....##### #
#.##.###.# # #....#
#.#########
####.###..........
#.#####......<..#####
.........#####.......


You could see 3 killer bees and loom's ghost.

Vanquished Creatures
  Grinder (D:4)
  Sigmund (D:2)
  A water moccasin (D:5)
  An orc warrior (D:6)
  An ice beast (D:6)
  A sky beast (D:7)
  An ogre (D:5)
  A centaur (D:5)
  2 bullfrogs
  The ghost of letownia the Ruffian, a weakling VSFi (D:3)
  A crimson imp (D:6)
  A jelly (D:7)
  A bullfrog skeleton (D:4)
  An orc priest (D:5)
  Jessica (D:2)
  3 orc wizards
  Ijyb (D:4)
  Natasha (thrice) (D:2)
  3 worker ants
  A hound zombie (D:5)
  A hound skeleton (D:6)
  11 adders
  3 shadow imps
  An adder zombie (D:5)
  An ooze (D:4)
  4 worms
  6 leopard geckos
  8 orcs
  A giant cockroach (D:2)
  8 goblins
  7 hobgoblins
  13 jackals
  13 kobolds
  2 quokkas
  2 ball pythons (Sewer)
  7 bats
  7 frilled lizards
  A leopard gecko skeleton (D:4)
  A quokka skeleton (D:7)
  6 rats
  2 plants (Sewer)
132 creatures vanquished.

Notes
Turn   | Place    | Note
-------+----------+-------------------------------------------
     0 | D:1      | Pikken the Troll Monk began the quest for the Orb.
     0 | D:1      | Reached XP level 1. HP: 22/22 MP: 0/0
   104 | D:1      | Reached XP level 2. HP: 28/29 MP: 1/1
   693 | D:2      | Noticed Jessica
   698 | D:2      | Killed Jessica
   698 | D:2      | Reached XP level 3. HP: 36/36 MP: 2/2
   738 | D:2      | Found a faded altar of an unknown god.
   755 | D:2      | Reached XP level 4. HP: 44/44 MP: 3/3
   778 | D:2      | Reached skill level 4 in Unarmed Combat
   811 | D:2      | Became a worshipper of Zin the Law-Giver
   811 | D:2      | Reached * piety under Zin
   811 | D:2      | Reached ** piety under Zin
   811 | D:2      | Reached *** piety under Zin
   917 | D:2      | Noticed Sigmund
   940 | D:2      | Killed Sigmund
   940 | D:2      | Reached skill level 5 in Unarmed Combat
   940 | D:2      | Reached XP level 5. HP: 8/53 MP: 4/4
  1200 | D:2      | Reached XP level 6. HP: 61/61 MP: 5/5
  1261 | D:2      | Gained mutation: You have a beak for a mouth. [potion of mutation]
  1342 | D:2      | Noticed Natasha
  1348 | D:2      | Killed Natasha
  1349 | D:2      | Found a radiant altar of Vehumet.
  1495 | D:2      | Noticed Natasha
  1499 | D:2      | Killed Natasha
  1508 | D:2      | Noticed Natasha
  1514 | D:2      | Killed Natasha
  1634 | D:3      | Noticed letownia's ghost (weakling VSFi)
  1640 | D:3      | Killed letownia's ghost
  2410 | D:4      | Noticed Ijyb
  2413 | D:4      | Noticed Grinder
  2429 | D:4      | Killed Ijyb
  2446 | D:4      | Killed Grinder
  2446 | D:4      | Reached skill level 6 in Unarmed Combat
  2446 | D:4      | Reached skill level 1 in Invocations
  2446 | D:4      | Reached XP level 7. HP: 38/67 MP: 5/7
  2654 | D:4      | Reached **** piety under Zin
  2659 | D:4      | Donated 71 gold pieces to Zin
  3021 | D:5      | Entered Level 5 of the Dungeon
  3031 | D:5      | Found a blossoming altar of Fedhas.
  3212 | D:5      | Reached skill level 1 in Spellcasting
  3661 | D:5      | Reached skill level 7 in Unarmed Combat
  3661 | D:5      | Reached XP level 8. HP: 78/78 MP: 8/8
  3822 | D:6      | Found a stormy altar of Qazlal.
  3859 | D:6      | Learned a level 3 spell: Summon Guardian Golem
  3934 | D:6      | Found a staircase to the Ecumenical Temple.
  3962 | D:6      | Zin protects you from harm!
  4167 | D:6      | Found a glowing drain.
  4180 | Sewer    | Entered a sewer
  4850 | D:7      | Reached skill level 8 in Unarmed Combat
  4857 | D:7      | Got a polished morningstar
  4858 | D:7      | Identified the cursed +2 morningstar of the Vendetta {drain, rC+ MP+9 Int+4} (You found it on level 7 of the Dungeon)
  4946 | D:7      | Noticed loom's ghost (novice HOFi)
  4954 | D:7      | HP: 1/78 [loom's ghost (11)]
  4955 | D:7      | Slain by a killer bee

Skill      XL: |  1  2  3  4  5  6  7  8 |
---------------+-------------------------+-----
Dodging        | 3 4 |  4.5
Unarmed Combat | 5 6 7 8 |  8.2
Fighting       | 3 4 |  4.3
Invocations    | 1 2 |  2.7
Spellcasting   | 1 |  1.9
Stealth        | |  1.5

Action                   |  1- 3 |  4- 6 |  7- 9 || total
-------------------------+-------+-------+-------++-------
Melee: Unarmed           |    52 |   140 |   196 ||   388
       Punch             |     1 |     2 |     7 ||    10
       Peck              |       |    15 |    32 ||    47
Invok: Donate Gold       |       |       |     1 ||     1
       Imprison          |       |       |     1 ||     1
  Use: Potion            |     2 |     2 |       ||     4
       Scroll            |     2 |     4 |     2 ||     8
 Stab: Sleeping          |     1 |     4 |     3 ||     8
  Eat: Chunk             |    12 |    16 |    15 ||    43
       Bread ration      |       |       |     2 ||     2
Armor: Robe              |    20 |    41 |    37 ||    98
Dodge: Dodged            |    30 |    69 |    86 ||   185
